Connexion

Reign vs Roadrunners

Created - 6 novembre 2023 at 07:46

Goals
1 2 3 OT1 T
Reign 1 2 2 0 5
Roadrunners 3 1 1 1 6
Shots
1 2 3 OT1 T
Reign 18 12 12 3 45
Roadrunners 12 11 11 1 35

GoalsPenalties
1st period
1. Roadrunners , Drake Caggiula 13 (Alexander Petrovic 13, Brad Hunt 19) at 0:36
2. Roadrunners , Lane Pederson 7 (Kevin Roy 11) at 4:57
3. Reign , Joël Teasdale 11 (Ryan Reaves 18, Matt Irwin 18) at 6:00
4. Roadrunners , Brad Hunt 3 (Aleksi Saarela 14) at 9:27
Mac Hollowell (TUC) for Slashing (Minor) at 15:58
2nd period
5. Roadrunners , Mac Hollowell 7 (Drake Caggiula 17, Nicolas Hague 12) at 3:48 (PP)
6. Reign , Ryan Reaves 6 (Danny Dekeyser 12, Zachary Aston-Reese 21) at 8:28
7. Reign , Zack Macewen 9 (Brogan Rafferty 13, Jeff Carter 18) at 19:43 (PP)
Matt Irwin (ONT) for Holding Stick (Minor) at 3:01
Nicolas Hague (TUC) for Fighting (Major) at 8:50
Andrew Ladd (ONT) for Fighting (Major) at 8:50
Nicolas Hague (TUC) for Hooking (Minor) at 18:33
3rd period
8. Reign , Patrick Khodorenko 9 (Patrik Nemeth 8, Lawrence Pilut 20) at 2:18
9. Roadrunners , Alexander Petrovic 4 (Brad Hunt 20) at 11:03
10. Reign , Patrick Khodorenko 10 (Mason Appleton 10, Patrik Nemeth 9) at 19:11
Matt Irwin (ONT) for Hooking (Minor) at 3:47
Noah Juulsen (TUC) for Hooking (Minor) at 14:07
Nicolas Hague (TUC) for Interference (Minor) at 16:42
Andrew Ladd (ONT) for Tripping (Minor) at 16:42
Overtime #1
11. Roadrunners , Anthony Greco 15 (Nicolas Hague 13) at 2:03
No Penalty
Goalie Stats
Arvid Soderblom (ONT), 20 saves from 22 shots - (0,909), OTL, 5-8-1, 38:14 minutes
Pheonix Copley (ONT), 9 saves from 13 shots - (0,692), 23:48 minutes
Zachary Fucale (TUC), 40 saves from 45 shots - (0,889), W, 6-2-1, 62:04 minutes
3 StarsOfficial
1 - Alexander Petrovic (TUC)
2 - Brad Hunt (TUC)
3 - Drake Caggiula (TUC)
Referees : Frederick L'Ecuyer and Chris Rooney
Linesman : Steve Barton and Brad Lazarowich
Game Note
Arvid Soderblom enters game at 3:48 of 2nd period
Nicolas Hague and Andrew Ladd fight to a draw at 8:50 of 2nd period
Finance
Level 1 -- Attendance: 1815 (90,75%) -- Ticket Income 59 895 $
Level 2 -- Attendance: 1000 (100,00%) -- Ticket Income 19 000 $
Total Attendance: 2815 (93,83%)
Total Ticket Income: 78 895 $
Other Income: 15 779 $
Total Income: 94 674 $



Team Name Goals Shots Shots Attemp Shots Blocked PIM HIT PP PK FO%
Reign 545791011221 / 3 (33%)150%
Roadrunners 635761413311 / 2 (50%)150%

Reign
Player Name POS G A P +/- PIM HIT SHT SB MP PP MP PP SHT PK MP PK SHT FO% FOT
Andrew LaddLW/RW0002723112:380:4900:2500% 0
Brogan RaffertyD011-1012225:162:2912:0600% 0
Connor MackeyD000-1032021:211:5021:1100% 0
Danny DekeyserD0110020220:251:5000:3700% 0
Dominic ToninatoC000000007:480:4900:00080% 5
Jacob De La RoseC/LW000000205:180:0000:000100% 1
Jeff CarterC/RW011-2002119:441:0610:35056% 27
Joël TeasdaleLW1010007124:013:1321:460100% 1
John LeonardLW000-2014016:421:0620:0000% 1
Lawrence PilutD0111010015:510:4901:3500% 0
Mason AppletonC/RW0112005011:500:0000:2500% 0
Matt Irwin D011-1432224:502:2910:0000% 0
Patrick KhodorenkoC2022003012:140:4900:00052% 23
Patrik NemethD0221010014:190:4900:0300% 0
Ryan ReavesLW/RW112-1025022:433:1310:35050% 2
Tyler WongC/RW000-100005:400:0000:0000% 0
Zachary Aston-ReeseC/LW/RW0110034124:013:1311:46040% 45
Zack MacewenC/RW101-2034016:421:0610:0000% 0
Roadrunners
Player Name POS G A P +/- PIM HIT SHT SB MP PP MP PP SHT PK MP PK SHT FO% FOT
Adam ErneLW/RW0000030011:580:0000:00067% 3
Aleksi SaarelaC/LW0111004125:411:3803:36040% 40
Alexander PetrovicD1122051325:560:5103:0600% 0
Anthony GrecoLW/RW1012025024:541:3803:53050% 16
Brad HuntD1232003123:420:5112:5400% 0
David KaseLW/RW000-100008:080:0000:2100% 0
Drake CaggiulaC/LW/RW1121064020:131:3800:57050% 4
Gabriel DumontC/RW0000011015:481:0800:000100% 1
Justin KirklandC/LW/RW000-101206:450:0000:32057% 7
Kevin RoyLW/RW0110000111:580:0000:00050% 2
Kole LindRW000-100006:130:0000:0000% 1
Lane PedersonC1010025011:580:0000:00040% 10
Mac HollowellD101-1211220:041:5511:0600% 0
Nic DowdC/RW0001043017:371:0800:57070% 20
Nicolas HagueD0220921118:571:5511:4600% 0
Noah JuulsenD000-1232316:210:0000:0000% 0
Paul LadueD000-1010216:590:0001:2400% 0
Scott WilsonC/LW0000003015:481:0800:000100% 1



Play-by-Play

1st period


0:01 of 1st period - Aleksi Saarela wins face-off versus Zachary Aston-Reese in neutral zone.
0:10 of 1st period - Shot by Aleksi Saarela.
0:10 of 1st period - Deflect By Drake Caggiula.
0:10 of 1st period - Shot Misses the Net.
0:36 of 1st period - Shot by Alexander Petrovic.
0:36 of 1st period - Deflect By Drake Caggiula.
0:36 of 1st period - Goal by Drake Caggiula - Reign : 0 - Roadrunners : 1.
0:37 of 1st period - Nic Dowd wins face-off versus Jeff Carter in neutral zone.
0:37 of 1st period - Nicolas Hague is hit by John Leonard.
0:39 of 1st period - Shot by Mac Hollowell.
0:39 of 1st period - Shot Misses the Net.
1:19 of 1st period - Mac Hollowell is hit by Connor Mackey and loses puck.
1:30 of 1st period - Connor Mackey is hit by Adam Erne and loses puck.
1:36 of 1st period - Danny Dekeyser is hit by Noah Juulsen and loses puck.
1:48 of 1st period - Icing by Paul Ladue.
1:49 of 1st period - Adam Erne wins face-off versus Patrick Khodorenko in Roadrunners zone.
2:01 of 1st period - Kevin Roy is hit by Lawrence Pilut and loses puck.
2:13 of 1st period - Lawrence Pilut is hit by Noah Juulsen and loses puck.
2:20 of 1st period - Shot by Mason Appleton.
2:20 of 1st period - Stopped by Zachary Fucale without a rebound.
2:21 of 1st period - Aleksi Saarela wins face-off versus Zachary Aston-Reese in Roadrunners zone.
2:59 of 1st period - Joël Teasdale is hit by Alexander Petrovic and loses puck.
3:39 of 1st period - Shot by Tyler Wong.
3:39 of 1st period - Shot Misses the Net.
3:48 of 1st period - Shot by Justin Kirkland.
3:48 of 1st period - Stopped by Pheonix Copley with a rebound.
3:50 of 1st period - Shot by David Kase.
3:50 of 1st period - Shot Misses the Net.
4:35 of 1st period - Gabriel Dumont is hit by Zack Macewen and loses puck.
4:52 of 1st period - Zack Macewen is hit by Lane Pederson and loses puck.
4:57 of 1st period - Shot by Lane Pederson.
4:57 of 1st period - Goal by Lane Pederson - Reign : 0 - Roadrunners : 2.
4:58 of 1st period - Aleksi Saarela wins face-off versus Zachary Aston-Reese in neutral zone.
5:10 of 1st period - Shot by Ryan Reaves.
5:10 of 1st period - Stopped by Zachary Fucale without a rebound.
5:11 of 1st period - Lane Pederson wins face-off versus Patrick Khodorenko in Roadrunners zone.
5:11 of 1st period - Lane Pederson is hit by Andrew Ladd.
5:17 of 1st period - Shot by Brad Hunt.
5:17 of 1st period - Stopped by Pheonix Copley without a rebound.
5:18 of 1st period - Aleksi Saarela wins face-off versus Zachary Aston-Reese in Reign zone.
5:22 of 1st period - Icing by Joël Teasdale.
5:23 of 1st period - Aleksi Saarela wins face-off versus Zachary Aston-Reese in Reign zone.
5:44 of 1st period - Shot by Drake Caggiula.
5:44 of 1st period - Shot Hit the Post.
5:52 of 1st period - Shot by Zachary Aston-Reese.
5:52 of 1st period - Stopped by Zachary Fucale with a rebound.
5:54 of 1st period - Shot by Brogan Rafferty.
5:54 of 1st period - Stopped by Zachary Fucale with a rebound.
5:56 of 1st period - Shot by Matt Irwin .
5:56 of 1st period - Shot Blocked by Mac Hollowell.
5:58 of 1st period - Shot by Ryan Reaves.
5:58 of 1st period - Shot Misses the Net.
6:00 of 1st period - Shot by Joël Teasdale.
6:00 of 1st period - Goal by Joël Teasdale - Reign : 1 - Roadrunners : 2.
6:01 of 1st period - Nic Dowd wins face-off versus Patrick Khodorenko in neutral zone.
6:18 of 1st period - Shot by Scott Wilson.
6:18 of 1st period - Stopped by Pheonix Copley without a rebound.
6:19 of 1st period - Jeff Carter wins face-off versus Adam Erne in Reign zone.
6:49 of 1st period - Icing by Noah Juulsen.
6:50 of 1st period - Lane Pederson wins face-off versus Zachary Aston-Reese in Roadrunners zone.
6:55 of 1st period - Joël Teasdale is hit by Adam Erne and loses puck.
7:08 of 1st period - Icing by Ryan Reaves.
7:09 of 1st period - Aleksi Saarela wins face-off versus Zachary Aston-Reese in Reign zone.
7:18 of 1st period - Anthony Greco is hit by Zachary Aston-Reese.
7:33 of 1st period - Icing by Alexander Petrovic.
7:34 of 1st period - Patrick Khodorenko wins face-off versus Aleksi Saarela in Roadrunners zone.
7:37 of 1st period - Shot by Mason Appleton.
7:37 of 1st period - Stopped by Zachary Fucale without a rebound.
7:38 of 1st period - Nic Dowd wins face-off versus Patrick Khodorenko in Roadrunners zone.
8:32 of 1st period - Icing by Connor Mackey.
8:33 of 1st period - Patrick Khodorenko wins face-off versus Aleksi Saarela in Reign zone.
8:46 of 1st period - Shot by Anthony Greco.
8:46 of 1st period - Stopped by Pheonix Copley without a rebound.
8:47 of 1st period - Justin Kirkland wins face-off versus Jeff Carter in Reign zone.
9:13 of 1st period - Icing by Noah Juulsen.
9:14 of 1st period - Zachary Aston-Reese wins face-off versus Justin Kirkland in Roadrunners zone.
9:14 of 1st period - Joël Teasdale is hit by Paul Ladue and loses puck.
9:21 of 1st period - Shot by Zachary Aston-Reese.
9:21 of 1st period - Stopped by Zachary Fucale without a rebound.
9:22 of 1st period - Aleksi Saarela wins face-off versus Zachary Aston-Reese in Roadrunners zone.
9:27 of 1st period - Shot by Brad Hunt.
9:27 of 1st period - Goal by Brad Hunt - Reign : 1 - Roadrunners : 3.
9:28 of 1st period - Joël Teasdale wins face-off versus Aleksi Saarela in neutral zone.
9:28 of 1st period - Joël Teasdale is hit by Drake Caggiula.
9:31 of 1st period - Matt Irwin is hit by Alexander Petrovic and loses puck.
9:35 of 1st period - Icing by Brad Hunt.
9:36 of 1st period - Zachary Aston-Reese wins face-off versus Aleksi Saarela in Roadrunners zone.
9:36 of 1st period - Zachary Aston-Reese is hit by Alexander Petrovic.
10:07 of 1st period - Shot by Aleksi Saarela.
10:07 of 1st period - Stopped by Pheonix Copley without a rebound.
10:08 of 1st period - Nic Dowd wins face-off versus Jeff Carter in Reign zone.
11:15 of 1st period - Shot by Lane Pederson.
11:15 of 1st period - Stopped by Pheonix Copley without a rebound.
11:16 of 1st period - Zachary Aston-Reese wins face-off versus Aleksi Saarela in Reign zone.
11:16 of 1st period - Zachary Aston-Reese is hit by Drake Caggiula.
11:42 of 1st period - Aleksi Saarela is hit by Matt Irwin and loses puck.
11:52 of 1st period - Ryan Reaves is hit by Alexander Petrovic and loses puck.
12:04 of 1st period - Ryan Reaves is hit by Drake Caggiula and loses puck.
12:31 of 1st period - Shot by Mason Appleton.
12:31 of 1st period - Stopped by Zachary Fucale with a rebound.
12:33 of 1st period - Shot by Andrew Ladd.
12:33 of 1st period - Shot Blocked by Paul Ladue.
12:53 of 1st period - Icing by Noah Juulsen.
12:54 of 1st period - Dominic Toninato wins face-off versus Lane Pederson in Roadrunners zone.
13:13 of 1st period - Shot by Jacob De La Rose.
13:13 of 1st period - Shot Misses the Net.
13:46 of 1st period - Shot by John Leonard.
13:46 of 1st period - Stopped by Zachary Fucale with a rebound.
14:02 of 1st period - Shot by Zack Macewen.
14:02 of 1st period - Shot Blocked by Paul Ladue.
14:04 of 1st period - Shot by Patrik Nemeth.
14:04 of 1st period - Shot Blocked by Noah Juulsen.
14:06 of 1st period - Shot by Zack Macewen.
14:06 of 1st period - Shot Misses the Net.
14:10 of 1st period - Shot by Jeff Carter.
14:10 of 1st period - Shot Misses the Net.
14:12 of 1st period - Shot by Jeff Carter.
14:12 of 1st period - Shot Blocked by Noah Juulsen.
14:38 of 1st period - Icing by Brad Hunt.
14:39 of 1st period - Zachary Aston-Reese wins face-off versus Aleksi Saarela in Roadrunners zone.
14:54 of 1st period - Shot by Drake Caggiula.
14:54 of 1st period - Stopped by Pheonix Copley with a rebound.
15:14 of 1st period - Shot by Aleksi Saarela.
15:14 of 1st period - Stopped by Pheonix Copley with a rebound.
15:18 of 1st period - Shot by Aleksi Saarela.
15:18 of 1st period - Shot Misses the Net.
15:20 of 1st period - Shot by Aleksi Saarela.
15:20 of 1st period - Stopped by Pheonix Copley without a rebound.
15:21 of 1st period - Patrick Khodorenko wins face-off versus Nic Dowd in Reign zone.
15:23 of 1st period - Icing by Connor Mackey.
15:24 of 1st period - Patrick Khodorenko wins face-off versus Nic Dowd in Reign zone.
15:24 of 1st period - Patrick Khodorenko is hit by Nic Dowd.
15:32 of 1st period - Shot by Andrew Ladd.
15:32 of 1st period - Stopped by Zachary Fucale without a rebound.
15:33 of 1st period - Justin Kirkland wins face-off versus Jeff Carter in Roadrunners zone.
15:37 of 1st period - Kole Lind is hit by Danny Dekeyser and loses puck.
15:50 of 1st period - Kole Lind is hit by Zack Macewen and loses puck.
15:58 of 1st period - Minor Penalty to Mac Hollowell for Slashing.
15:59 of 1st period - Zachary Aston-Reese wins face-off versus Anthony Greco in Roadrunners zone.
16:00 of 1st period - Shot by Brogan Rafferty.
16:00 of 1st period - Deflect By Ryan Reaves.
16:00 of 1st period - Shot Misses the Net.
16:02 of 1st period - Shot by Brogan Rafferty.
16:02 of 1st period - Stopped by Zachary Fucale without a rebound.
16:03 of 1st period - Anthony Greco wins face-off versus Zachary Aston-Reese in Roadrunners zone.
16:23 of 1st period - Icing by Brogan Rafferty.
16:24 of 1st period - Zachary Aston-Reese wins face-off versus Anthony Greco in Reign zone.
16:39 of 1st period - Shot by Ryan Reaves.
16:39 of 1st period - Shot Misses the Net.
16:41 of 1st period - Shot by Matt Irwin .
16:41 of 1st period - Stopped by Zachary Fucale without a rebound.
16:42 of 1st period - Jeff Carter wins face-off versus Anthony Greco in Roadrunners zone.
16:47 of 1st period - Shot by Connor Mackey.
16:47 of 1st period - Stopped by Zachary Fucale without a rebound.
16:48 of 1st period - Jeff Carter wins face-off versus Anthony Greco in Roadrunners zone.
17:11 of 1st period - Shot by John Leonard.
17:11 of 1st period - Stopped by Zachary Fucale without a rebound.
17:12 of 1st period - Anthony Greco wins face-off versus Zachary Aston-Reese in Roadrunners zone.
17:21 of 1st period - Shot by Ryan Reaves.
17:21 of 1st period - Stopped by Zachary Fucale without a rebound.
17:22 of 1st period - Zachary Aston-Reese wins face-off versus Anthony Greco in Roadrunners zone.
17:27 of 1st period - Shot by Joël Teasdale.
17:27 of 1st period - Shot Misses the Net.
17:29 of 1st period - Shot by Ryan Reaves.
17:29 of 1st period - Shot Blocked by Alexander Petrovic.
17:33 of 1st period - Shot by Ryan Reaves.
17:33 of 1st period - Deflect By Zachary Aston-Reese.
17:33 of 1st period - Stopped by Zachary Fucale without a rebound.
17:34 of 1st period - Jeff Carter wins face-off versus Anthony Greco in Roadrunners zone.
17:57 of 1st period - Shot by John Leonard.
17:57 of 1st period - Stopped by Zachary Fucale without a rebound.
17:58 of 1st period - Zachary Aston-Reese wins face-off versus Nic Dowd in Roadrunners zone.
18:03 of 1st period - Shot by Zachary Aston-Reese.
18:03 of 1st period - Shot Misses the Net.
18:37 of 1st period - Shot by Zachary Aston-Reese.
18:37 of 1st period - Shot Misses the Net.
18:39 of 1st period - Shot by Joël Teasdale.
18:39 of 1st period - Deflect By Ryan Reaves.
18:39 of 1st period - Stopped by Zachary Fucale without a rebound.
18:40 of 1st period - Jeff Carter wins face-off versus Aleksi Saarela in Roadrunners zone.
18:59 of 1st period - Shot by Drake Caggiula.
18:59 of 1st period - Shot Blocked by Matt Irwin .
19:01 of 1st period - Shot by Alexander Petrovic.
19:01 of 1st period - Shot Hit the Post.
19:32 of 1st period - Brogan Rafferty is hit by Noah Juulsen and loses puck.
19:53 of 1st period - Shot by Kole Lind.
19:53 of 1st period - Shot Misses the Net.
19:58 of 1st period - Icing by Mason Appleton.
19:59 of 1st period - Nic Dowd wins face-off versus Patrick Khodorenko in Reign zone.
Goals for this period are 1 for Reign vs 3 for Roadrunners.
Shots for this period are 18 for Reign vs 12 for Roadrunners.

2nd period


0:01 of 2nd period - Nic Dowd wins face-off versus Zachary Aston-Reese in neutral zone.
0:10 of 2nd period - Matt Irwin is hit by Gabriel Dumont and loses puck.
0:41 of 2nd period - Off-side.
0:42 of 2nd period - Patrick Khodorenko wins face-off versus Aleksi Saarela in neutral zone.
3:01 of 2nd period - Minor Penalty to Matt Irwin for Holding Stick.
3:02 of 2nd period - Aleksi Saarela wins face-off versus Zachary Aston-Reese in Reign zone.
3:22 of 2nd period - Icing by Nicolas Hague.
3:23 of 2nd period - Zachary Aston-Reese wins face-off versus Aleksi Saarela in Roadrunners zone.
3:42 of 2nd period - Shot by Mac Hollowell.
3:42 of 2nd period - Shot Misses the Net.
3:44 of 2nd period - Shot by Nicolas Hague.
3:44 of 2nd period - Shot Misses the Net.
3:46 of 2nd period - Shot by Drake Caggiula.
3:46 of 2nd period - Shot Blocked by Jeff Carter.
3:48 of 2nd period - Shot by Mac Hollowell.
3:48 of 2nd period - Goal by Mac Hollowell - Reign : 1 - Roadrunners : 4.
3:48 of 2nd period - Arvid Soderblom enters game.
3:49 of 2nd period - Dominic Toninato wins face-off versus Nic Dowd in neutral zone.
4:17 of 2nd period - Off-side.
4:18 of 2nd period - Adam Erne wins face-off versus John Leonard in neutral zone.
4:31 of 2nd period - Shot by Lane Pederson.
4:31 of 2nd period - Stopped by Arvid Soderblom without a rebound.
4:32 of 2nd period - Aleksi Saarela wins face-off versus Zachary Aston-Reese in Reign zone.
5:43 of 2nd period - Shot by Zack Macewen.
5:43 of 2nd period - Shot Misses the Net.
5:45 of 2nd period - Shot by John Leonard.
5:45 of 2nd period - Stopped by Zachary Fucale without a rebound.
5:46 of 2nd period - Dominic Toninato wins face-off versus Lane Pederson in Roadrunners zone.
7:08 of 2nd period - Brad Hunt is hit by Matt Irwin and loses puck.
7:12 of 2nd period - Icing by Matt Irwin .
7:13 of 2nd period - Gabriel Dumont wins face-off versus Jeff Carter in Reign zone.
7:49 of 2nd period - Shot by Scott Wilson.
7:49 of 2nd period - Shot Misses the Net.
7:51 of 2nd period - Shot by Gabriel Dumont.
7:51 of 2nd period - Shot Misses the Net.
8:06 of 2nd period - Icing by Brad Hunt.
8:07 of 2nd period - Zachary Aston-Reese wins face-off versus Justin Kirkland in Roadrunners zone.
8:22 of 2nd period - Shot by Joël Teasdale.
8:22 of 2nd period - Stopped by Zachary Fucale with a rebound.
8:24 of 2nd period - Shot by Zachary Aston-Reese.
8:24 of 2nd period - Deflect By Ryan Reaves.
8:24 of 2nd period - Shot Misses the Net.
8:26 of 2nd period - Shot by Danny Dekeyser.
8:26 of 2nd period - Shot Blocked by Brad Hunt.
8:28 of 2nd period - Shot by Ryan Reaves.
8:28 of 2nd period - Goal by Ryan Reaves - Reign : 2 - Roadrunners : 4.
8:29 of 2nd period - Aleksi Saarela wins face-off versus Patrick Khodorenko in neutral zone.
8:36 of 2nd period - Shot by Anthony Greco.
8:36 of 2nd period - Stopped by Arvid Soderblom without a rebound.
8:37 of 2nd period - Patrick Khodorenko wins face-off versus Aleksi Saarela in Reign zone.
8:50 of 2nd period - Shot by Patrick Khodorenko.
8:50 of 2nd period - Deflect By Mason Appleton.
8:50 of 2nd period - Stopped by Zachary Fucale without a rebound.
8:50 of 2nd period - Nicolas Hague and Andrew Ladd fight to a draw.
8:50 of 2nd period - Penalty to Nicolas Hague for Fighting.
8:50 of 2nd period - Penalty to Andrew Ladd for Fighting.
8:51 of 2nd period - Nic Dowd wins face-off versus Zachary Aston-Reese in Roadrunners zone.
8:51 of 2nd period - Nic Dowd is hit by Zachary Aston-Reese.
8:59 of 2nd period - Shot by Gabriel Dumont.
8:59 of 2nd period - Shot Misses the Net.
9:19 of 2nd period - Shot by Scott Wilson.
9:19 of 2nd period - Shot Blocked by Matt Irwin .
9:29 of 2nd period - Shot by Zachary Aston-Reese.
9:29 of 2nd period - Deflect By Ryan Reaves.
9:29 of 2nd period - Stopped by Zachary Fucale without a rebound.
9:30 of 2nd period - Drake Caggiula wins face-off versus Jeff Carter in Roadrunners zone.
9:35 of 2nd period - John Leonard is hit by Anthony Greco and loses puck.
9:47 of 2nd period - Jeff Carter is hit by Drake Caggiula and loses puck.
10:04 of 2nd period - Shot by Zack Macewen.
10:04 of 2nd period - Stopped by Zachary Fucale without a rebound.
10:05 of 2nd period - Patrick Khodorenko wins face-off versus Lane Pederson in Roadrunners zone.
10:05 of 2nd period - Patrick Khodorenko is hit by Alexander Petrovic.
10:22 of 2nd period - Danny Dekeyser is hit by Lane Pederson and loses puck.
10:41 of 2nd period - Shot by Lane Pederson.
10:41 of 2nd period - Shot Misses the Net.
11:01 of 2nd period - Zachary Aston-Reese is hit by Nic Dowd and loses puck.
11:06 of 2nd period - Shot by Gabriel Dumont.
11:06 of 2nd period - Shot Blocked by Brogan Rafferty.
11:08 of 2nd period - Shot by Nic Dowd.
11:08 of 2nd period - Stopped by Arvid Soderblom with a rebound.
11:38 of 2nd period - Shot by Anthony Greco.
11:38 of 2nd period - Stopped by Arvid Soderblom without a rebound.
11:39 of 2nd period - Jeff Carter wins face-off versus Aleksi Saarela in Reign zone.
12:08 of 2nd period - Shot by Zack Macewen.
12:08 of 2nd period - Shot Blocked by Mac Hollowell.
12:42 of 2nd period - Shot by Noah Juulsen.
12:42 of 2nd period - Stopped by Arvid Soderblom without a rebound.
12:43 of 2nd period - Nic Dowd wins face-off versus Zachary Aston-Reese in Reign zone.
13:08 of 2nd period - Shot by Gabriel Dumont.
13:08 of 2nd period - Shot Hit the Post.
13:10 of 2nd period - Shot by Noah Juulsen.
13:10 of 2nd period - Shot Hit the Post.
13:43 of 2nd period - Icing by Brad Hunt.
13:44 of 2nd period - Lane Pederson wins face-off versus Patrick Khodorenko in Roadrunners zone.
14:10 of 2nd period - Shot by Patrick Khodorenko.
14:10 of 2nd period - Stopped by Zachary Fucale with a rebound.
14:38 of 2nd period - Shot by Nicolas Hague.
14:38 of 2nd period - Shot Hit the Post.
14:55 of 2nd period - Jeff Carter is hit by Nicolas Hague and loses puck.
15:15 of 2nd period - Icing by Alexander Petrovic.
15:16 of 2nd period - Nic Dowd wins face-off versus Zachary Aston-Reese in Roadrunners zone.
15:18 of 2nd period - Brad Hunt is hit by Ryan Reaves.
15:22 of 2nd period - Shot by Scott Wilson.
15:22 of 2nd period - Deflect By Gabriel Dumont.
15:22 of 2nd period - Shot Blocked by Joël Teasdale.
15:24 of 2nd period - Shot by Scott Wilson.
15:24 of 2nd period - Shot Misses the Net.
15:26 of 2nd period - Shot by Scott Wilson.
15:26 of 2nd period - Deflect By Gabriel Dumont.
15:26 of 2nd period - Stopped by Arvid Soderblom with a rebound.
15:28 of 2nd period - Shot by Brad Hunt.
15:28 of 2nd period - Shot Misses the Net.
15:30 of 2nd period - Shot by Alexander Petrovic.
15:30 of 2nd period - Shot Blocked by Zachary Aston-Reese.
15:32 of 2nd period - Shot by Gabriel Dumont.
15:32 of 2nd period - Shot Misses the Net.
15:34 of 2nd period - Shot by Scott Wilson.
15:34 of 2nd period - Stopped by Arvid Soderblom with a rebound.
15:36 of 2nd period - Shot by Scott Wilson.
15:36 of 2nd period - Shot Hit the Post.
15:38 of 2nd period - Shot by Nic Dowd.
15:38 of 2nd period - Stopped by Arvid Soderblom with a rebound.
15:40 of 2nd period - Shot by Nic Dowd.
15:40 of 2nd period - Shot Hit the Post.
16:12 of 2nd period - Shot by Kole Lind.
16:12 of 2nd period - Shot Misses the Net.
16:23 of 2nd period - Shot by Kole Lind.
16:23 of 2nd period - Shot Misses the Net.
17:01 of 2nd period - Shot by Mason Appleton.
17:01 of 2nd period - Shot Blocked by Alexander Petrovic.
17:03 of 2nd period - Shot by Andrew Ladd.
17:03 of 2nd period - Shot Misses the Net.
17:05 of 2nd period - Shot by Mason Appleton.
17:05 of 2nd period - Shot Misses the Net.
17:07 of 2nd period - Shot by Andrew Ladd.
17:07 of 2nd period - Stopped by Zachary Fucale without a rebound.
17:08 of 2nd period - Nic Dowd wins face-off versus Jeff Carter in Roadrunners zone.
17:19 of 2nd period - Shot by Nic Dowd.
17:19 of 2nd period - Stopped by Arvid Soderblom without a rebound.
17:20 of 2nd period - Kevin Roy wins face-off versus Dominic Toninato in Reign zone.
17:23 of 2nd period - Shot by Adam Erne.
17:23 of 2nd period - Shot Blocked by Danny Dekeyser.
17:32 of 2nd period - Adam Erne is hit by Connor Mackey and loses puck.
17:40 of 2nd period - Lane Pederson is hit by Connor Mackey and loses puck.
17:55 of 2nd period - Shot by Lane Pederson.
17:55 of 2nd period - Stopped by Arvid Soderblom without a rebound.
17:56 of 2nd period - Jeff Carter wins face-off versus Aleksi Saarela in Reign zone.
17:56 of 2nd period - Jeff Carter is hit by Drake Caggiula.
18:17 of 2nd period - Zack Macewen is hit by Mac Hollowell and loses puck.
18:33 of 2nd period - Minor Penalty to Nicolas Hague for Hooking.
18:34 of 2nd period - Zachary Aston-Reese wins face-off versus Anthony Greco in Roadrunners zone.
19:01 of 2nd period - Shot by Joël Teasdale.
19:01 of 2nd period - Stopped by Zachary Fucale without a rebound.
19:02 of 2nd period - Jeff Carter wins face-off versus Drake Caggiula in Roadrunners zone.
19:09 of 2nd period - Shot by Jeff Carter.
19:09 of 2nd period - Stopped by Zachary Fucale without a rebound.
19:10 of 2nd period - Anthony Greco wins face-off versus Zachary Aston-Reese in Roadrunners zone.
19:39 of 2nd period - Shot by Connor Mackey.
19:39 of 2nd period - Stopped by Zachary Fucale without a rebound.
19:40 of 2nd period - Jeff Carter wins face-off versus Anthony Greco in Roadrunners zone.
19:41 of 2nd period - Shot by Brogan Rafferty.
19:41 of 2nd period - Shot Misses the Net.
19:43 of 2nd period - Shot by Zack Macewen.
19:43 of 2nd period - Goal by Zack Macewen - Reign : 3 - Roadrunners : 4.
19:44 of 2nd period - Nic Dowd wins face-off versus Jeff Carter in neutral zone.
Goals for this period are 2 for Reign vs 1 for Roadrunners.
Shots for this period are 12 for Reign vs 11 for Roadrunners.

3rd period


0:01 of 3rd period - Zachary Aston-Reese wins face-off versus Aleksi Saarela in neutral zone.
0:03 of 3rd period - Off-side.
0:04 of 3rd period - Zachary Aston-Reese wins face-off versus Aleksi Saarela in neutral zone.
0:06 of 3rd period - Off-side.
0:07 of 3rd period - Aleksi Saarela wins face-off versus Zachary Aston-Reese in neutral zone.
0:18 of 3rd period - Shot by Joël Teasdale.
0:18 of 3rd period - Stopped by Zachary Fucale without a rebound.
0:19 of 3rd period - Scott Wilson wins face-off versus Jeff Carter in Roadrunners zone.
1:44 of 3rd period - Icing by Aleksi Saarela.
1:45 of 3rd period - Patrick Khodorenko wins face-off versus Aleksi Saarela in Roadrunners zone.
2:18 of 3rd period - Shot by Patrick Khodorenko.
2:18 of 3rd period - Goal by Patrick Khodorenko - Reign : 4 - Roadrunners : 4.
2:19 of 3rd period - Jeff Carter wins face-off versus Kevin Roy in neutral zone.
2:32 of 3rd period - Lane Pederson is hit by Zack Macewen and loses puck.
2:57 of 3rd period - Shot by Zack Macewen.
2:57 of 3rd period - Stopped by Zachary Fucale without a rebound.
2:58 of 3rd period - Justin Kirkland wins face-off versus Ryan Reaves in Roadrunners zone.
3:14 of 3rd period - Shot by Joël Teasdale.
3:14 of 3rd period - Stopped by Zachary Fucale without a rebound.
3:15 of 3rd period - Aleksi Saarela wins face-off versus Patrick Khodorenko in Roadrunners zone.
3:15 of 3rd period - Aleksi Saarela is hit by Andrew Ladd.
3:38 of 3rd period - Icing by Aleksi Saarela.
3:39 of 3rd period - Zachary Aston-Reese wins face-off versus Aleksi Saarela in Roadrunners zone.
3:47 of 3rd period - Minor Penalty to Matt Irwin for Hooking.
3:48 of 3rd period - Zachary Aston-Reese wins face-off versus Nic Dowd in Reign zone.
4:07 of 3rd period - Shot by Nicolas Hague.
4:07 of 3rd period - Stopped by Arvid Soderblom with a rebound.
5:03 of 3rd period - Shot by Brad Hunt.
5:03 of 3rd period - Stopped by Arvid Soderblom with a rebound.
5:30 of 3rd period - Shot by Mac Hollowell.
5:30 of 3rd period - Shot Misses the Net.
5:52 of 3rd period - Shot by Gabriel Dumont.
5:52 of 3rd period - Shot Misses the Net.
5:58 of 3rd period - Shot by Lane Pederson.
5:58 of 3rd period - Stopped by Arvid Soderblom without a rebound.
5:59 of 3rd period - Patrick Khodorenko wins face-off versus Kole Lind in Reign zone.
6:14 of 3rd period - Shot by Justin Kirkland.
6:14 of 3rd period - Shot Blocked by Andrew Ladd.
6:16 of 3rd period - Shot by Noah Juulsen.
6:16 of 3rd period - Stopped by Arvid Soderblom without a rebound.
6:17 of 3rd period - Jeff Carter wins face-off versus Lane Pederson in Reign zone.
6:36 of 3rd period - Shot by John Leonard.
6:36 of 3rd period - Deflect By Jeff Carter.
6:36 of 3rd period - Shot Blocked by Kevin Roy.
6:41 of 3rd period - Off-side.
6:42 of 3rd period - Patrick Khodorenko wins face-off versus Aleksi Saarela in neutral zone.
6:47 of 3rd period - Shot by Mason Appleton.
6:47 of 3rd period - Stopped by Zachary Fucale without a rebound.
6:48 of 3rd period - Aleksi Saarela wins face-off versus Patrick Khodorenko in Roadrunners zone.
7:22 of 3rd period - Shot by Danny Dekeyser.
7:22 of 3rd period - Shot Blocked by Nicolas Hague.
7:55 of 3rd period - Nic Dowd is hit by Patrik Nemeth and loses puck.
8:22 of 3rd period - Zachary Aston-Reese is hit by Nic Dowd and loses puck.
9:05 of 3rd period - Shot by Lane Pederson.
9:05 of 3rd period - Shot Misses the Net.
9:19 of 3rd period - Shot by Zack Macewen.
9:19 of 3rd period - Stopped by Zachary Fucale without a rebound.
9:20 of 3rd period - Jacob De La Rose wins face-off versus Aleksi Saarela in Roadrunners zone.
9:31 of 3rd period - Shot by Jacob De La Rose.
9:31 of 3rd period - Stopped by Zachary Fucale with a rebound.
9:51 of 3rd period - Shot by Mac Hollowell.
9:51 of 3rd period - Shot Blocked by Danny Dekeyser.
9:53 of 3rd period - Shot by Drake Caggiula.
9:53 of 3rd period - Stopped by Arvid Soderblom without a rebound.
9:54 of 3rd period - Patrick Khodorenko wins face-off versus Justin Kirkland in Reign zone.
9:54 of 3rd period - Patrick Khodorenko is hit by Justin Kirkland.
10:16 of 3rd period - Shot by Justin Kirkland.
10:16 of 3rd period - Stopped by Arvid Soderblom without a rebound.
10:17 of 3rd period - Nic Dowd wins face-off versus Zachary Aston-Reese in Reign zone.
10:34 of 3rd period - Shot by Joël Teasdale.
10:34 of 3rd period - Stopped by Zachary Fucale with a rebound.
10:36 of 3rd period - Shot by Zachary Aston-Reese.
10:36 of 3rd period - Shot Misses the Net.
10:43 of 3rd period - Off-side.
10:44 of 3rd period - Aleksi Saarela wins face-off versus Jeff Carter in neutral zone.
10:51 of 3rd period - Shot by Drake Caggiula.
10:51 of 3rd period - Stopped by Arvid Soderblom with a rebound.
11:03 of 3rd period - Shot by Alexander Petrovic.
11:03 of 3rd period - Goal by Alexander Petrovic - Reign : 4 - Roadrunners : 5.
11:04 of 3rd period - Zachary Aston-Reese wins face-off versus Lane Pederson in neutral zone.
11:23 of 3rd period - Shot by Adam Erne.
11:23 of 3rd period - Shot Misses the Net.
11:40 of 3rd period - Icing by Connor Mackey.
11:41 of 3rd period - Aleksi Saarela wins face-off versus Zachary Aston-Reese in Reign zone.
11:41 of 3rd period - Brad Hunt is hit by Danny Dekeyser and loses puck.
11:45 of 3rd period - Icing by Danny Dekeyser.
11:46 of 3rd period - Zachary Aston-Reese wins face-off versus Aleksi Saarela in Reign zone.
11:59 of 3rd period - Drake Caggiula is hit by Ryan Reaves and loses puck.
12:42 of 3rd period - Shot by John Leonard.
12:42 of 3rd period - Shot Blocked by Alexander Petrovic.
13:00 of 3rd period - Shot by Scott Wilson.
13:00 of 3rd period - Deflect By Gabriel Dumont.
13:00 of 3rd period - Shot Misses the Net.
13:02 of 3rd period - Shot by Scott Wilson.
13:02 of 3rd period - Shot Misses the Net.
13:04 of 3rd period - Shot by Scott Wilson.
13:04 of 3rd period - Shot Misses the Net.
13:13 of 3rd period - Nic Dowd is hit by Brogan Rafferty and loses puck.
13:21 of 3rd period - Scott Wilson is hit by Matt Irwin and loses puck.
14:07 of 3rd period - Minor Penalty to Noah Juulsen for Hooking.
14:08 of 3rd period - Anthony Greco wins face-off versus Zachary Aston-Reese in Roadrunners zone.
15:27 of 3rd period - Icing by Dominic Toninato.
15:28 of 3rd period - Anthony Greco wins face-off versus Patrick Khodorenko in Reign zone.
15:38 of 3rd period - Off-side.
15:39 of 3rd period - Drake Caggiula wins face-off versus Zachary Aston-Reese in neutral zone.
16:04 of 3rd period - Shot by Matt Irwin .
16:04 of 3rd period - Shot Misses the Net.
16:06 of 3rd period - Shot by Joël Teasdale.
16:06 of 3rd period - Stopped by Zachary Fucale without a rebound.
16:07 of 3rd period - Nic Dowd wins face-off versus Jeff Carter in Roadrunners zone.
16:26 of 3rd period - Shot by Scott Wilson.
16:26 of 3rd period - Stopped by Arvid Soderblom without a rebound.
16:27 of 3rd period - Patrick Khodorenko wins face-off versus Lane Pederson in Reign zone.
16:27 of 3rd period - Patrick Khodorenko is hit by Adam Erne.
16:42 of 3rd period - Minor Penalty to Nicolas Hague for Interference.
16:42 of 3rd period - Minor Penalty to Andrew Ladd for Tripping.
16:43 of 3rd period - Anthony Greco wins face-off versus Zachary Aston-Reese in Roadrunners zone.
16:54 of 3rd period - Shot by Aleksi Saarela.
16:54 of 3rd period - Shot Blocked by Brogan Rafferty.
16:56 of 3rd period - Shot by Brad Hunt.
16:56 of 3rd period - Shot Misses the Net.
16:58 of 3rd period - Shot by Anthony Greco.
16:58 of 3rd period - Stopped by Arvid Soderblom without a rebound.
16:59 of 3rd period - Anthony Greco wins face-off versus Zachary Aston-Reese in Reign zone.
17:08 of 3rd period - Shot by Aleksi Saarela.
17:08 of 3rd period - Stopped by Arvid Soderblom with a rebound.
17:20 of 3rd period - Shot by Zachary Aston-Reese.
17:20 of 3rd period - Stopped by Zachary Fucale without a rebound.
17:21 of 3rd period - Anthony Greco wins face-off versus Zachary Aston-Reese in Roadrunners zone.
17:50 of 3rd period - Matt Irwin is hit by Anthony Greco.
18:40 of 3rd period - Icing by Danny Dekeyser.
18:41 of 3rd period - Ryan Reaves wins face-off versus Drake Caggiula in Reign zone.
18:43 of 3rd period - Icing by Connor Mackey.
18:44 of 3rd period - Lane Pederson wins face-off versus Patrick Khodorenko in Reign zone.
19:09 of 3rd period - Reign, Arvid Soderblom is pulled from the net.
19:09 of 3rd period - Shot by Mason Appleton.
19:09 of 3rd period - Shot Blocked by Noah Juulsen.
19:11 of 3rd period - Shot by Patrick Khodorenko.
19:11 of 3rd period - Goal by Patrick Khodorenko - Reign : 5 - Roadrunners : 5.
19:11 of 3rd period - Arvid Soderblom from Reign was sent back in the game.
19:12 of 3rd period - Dominic Toninato wins face-off versus Nic Dowd in neutral zone.
19:12 of 3rd period - Matt Irwin is hit by Nic Dowd and loses puck.
19:16 of 3rd period - Matt Irwin is hit by Nicolas Hague and loses puck.
19:21 of 3rd period - Shot by Jacob De La Rose.
19:21 of 3rd period - Stopped by Zachary Fucale without a rebound.
19:22 of 3rd period - Justin Kirkland wins face-off versus Zachary Aston-Reese in Roadrunners zone.
19:26 of 3rd period - Off-side.
19:27 of 3rd period - Nic Dowd wins face-off versus Zachary Aston-Reese in neutral zone.
19:27 of 3rd period - Scott Wilson is hit by Zachary Aston-Reese and loses puck.
19:46 of 3rd period - Icing by Joël Teasdale.
19:47 of 3rd period - Zachary Aston-Reese wins face-off versus Aleksi Saarela in Reign zone.
19:51 of 3rd period - Matt Irwin is hit by Drake Caggiula and loses puck.
Goals for this period are 2 for Reign vs 1 for Roadrunners.
Shots for this period are 12 for Reign vs 11 for Roadrunners.

Overtime #1


0:01 of 1st overtime period - Jeff Carter wins face-off versus Aleksi Saarela in neutral zone.
0:30 of 1st overtime period - Shot by Andrew Ladd.
0:30 of 1st overtime period - Stopped by Zachary Fucale without a rebound.
0:31 of 1st overtime period - Jeff Carter wins face-off versus Aleksi Saarela in Roadrunners zone.
0:36 of 1st overtime period - Shot by Jeff Carter.
0:36 of 1st overtime period - Shot Misses the Net.
0:48 of 1st overtime period - Shot by Jeff Carter.
0:48 of 1st overtime period - Stopped by Zachary Fucale without a rebound.
0:49 of 1st overtime period - Aleksi Saarela wins face-off versus Jeff Carter in Roadrunners zone.
0:51 of 1st overtime period - Icing by Alexander Petrovic.
0:52 of 1st overtime period - Jeff Carter wins face-off versus Aleksi Saarela in Roadrunners zone.
0:59 of 1st overtime period - Shot by Matt Irwin .
0:59 of 1st overtime period - Stopped by Zachary Fucale without a rebound.
1:00 of 1st overtime period - Jeff Carter wins face-off versus Aleksi Saarela in Roadrunners zone.
1:11 of 1st overtime period - Shot by Andrew Ladd.
1:11 of 1st overtime period - Shot Misses the Net.
1:13 of 1st overtime period - Shot by Jeff Carter.
1:13 of 1st overtime period - Shot Blocked by Aleksi Saarela.
1:57 of 1st overtime period - Shot by Ryan Reaves.
1:57 of 1st overtime period - Shot Misses the Net.
2:03 of 1st overtime period - Shot by Anthony Greco.
2:03 of 1st overtime period - Goal by Anthony Greco - Reign : 5 - Roadrunners : 6.
Goals for this period are 0 for Reign vs 1 for Roadrunners.
Shots for this period are 3 for Reign vs 1 for Roadrunners.